 Dungeon Crawl Stone Soup version 0.18.1-50-g88ac8fd (webtiles) character file.

348 quitegolden the Poker (level 6, -14/52 HPs)
             Began as a Minotaur Gladiator on Nov 11, 2016.
             Demolished by an orc warrior
             ... wielding a +0 flail
              (15 damage)
             ... on level 6 of the Dungeon.
             The game lasted 00:18:29 (1360 turns).

quitegolden the Poker (Minotaur Gladiator)          Turns: 1360, Time: 00:18:30

Health: -14/52     AC:  5    Str: 22    XL:     6   Next: 33%
Magic:  5/5        EV: 13    Int:  5    God:
Gold:   69         SH:  0    Dex: 10    Spells: 0 memorised, 5 levels left

rFire  + . .     SeeInvis .     a - +0 trident
rCold  x . .     Gourm    .     b - +0 leather armour
rNeg   . . .     Faith    .     (no shield)
rPois  .         Spirit   .     c - +0 hat
rElec  .         Dismiss  .     g - +0 cloak
rCorr  .         Reflect  .     k - +0 pair of gloves
SustAt .         Harm     .     (no boots)
MR     .....                    (no amulet)
Stlth  +.........               (no ring)
                                m - ring of fire

@: not resistant to hostile enchantments, very unstealthy
A: retaliatory headbutt, horns 2
a: no special abilities


You were on level 6 of the Dungeon.
You were near starving.

You visited 1 branch of the dungeon, and saw 6 of its levels.

You collected 69 gold pieces.

Inventory:

Hand Weapons
 a - a +0 trident (weapon)
Armour
 b - a +0 leather armour (worn)
 c - a +0 hat (worn)
 g - a +0 cloak (worn)
 k - a +0 pair of gloves (worn)
 n - a +0 scale mail
Jewellery
 m - a ring of fire (left hand)
 s - an uncursed ring of protection from fire {unknown}
 t - a cursed ring of teleportation {unknown}
Scrolls
 e - a scroll of immolation {unknown}
 i - a scroll of remove curse {unknown}
 l - a scroll of fog {unknown}
Potions
 h - a potion of agility {unknown}
 j - a potion of lignification {unknown}
 o - a potion of cure mutation {unknown}
 p - a potion of brilliance {unknown}
 q - 2 potions of degeneration {unknown}
Books
 d - a book of Death

   Spells                             Type                      Level
   a - Corpse Rot                     Necromancy                   2
   b - Sublimation of Blood           Necromancy                   2
   c - Agony                          Necromancy                   5
   d - Dispel Undead                  Necromancy                   5
   e - Excruciating Wounds            Charms/Necromancy            5
   f - Bolt of Draining               Conjuration/Necromancy       5
Comestibles
 f - 5 bread rations
 r - a slice of pizza


   Skills:
 + Level 3.9 Fighting
 + Level 5.2 Polearms
 + Level 3.4 Throwing
 + Level 2.5 Armour
 + Level 4.9 Dodging
 + Level 0.3 Stealth


You had 5 spell levels left.
You didn't know any spells.

Dungeon Overview and Level Annotations

Branches:
Dungeon (6/15)
 Temple: D:4-7

Altars:
Cheibriados
Fedhas
Gozag
Pakellas
Ru
Sif Muna
Vehumet


Innate Abilities, Weirdness & Mutations

You reflexively headbutt those who attack you in melee.
You have a pair of horns on your head.


Message History

The orc priest struggles against the net.
The orc warrior misses you.
You hit the orc warrior but do no damage.
You headbutt the orc warrior.
The orc warrior is lightly wounded.
The orc priest struggles against the net.
A worker ant comes into view.
You are near starving!
You closely miss the orc warrior.
The orc warrior is lightly wounded.
The worker ant twitches its antennae in your direction.
The orc priest looks braver for a moment.
The orc priest struggles against the net.
The orc hits you.
* * * LOW HITPOINT WARNING * * *
The orc warrior misses you.
You completely miss the orc warrior. Your headbutt misses the orc warrior.
The orc warrior is lightly wounded.
The orc closely misses you. The orc warrior hits you with a flail!
You die...

#...## #.#
#....## #.#
#.....###.## .
##..(..#....
#.
#......$....
#.##.....#?...
#.?..........
#.##.#.#.#.###
#. #..@o##.# !
#.#.o...#
#.#o.#### #
#..# #..# #.a#
...# ....


You could see an orc warrior, a worker ant, an orc priest (caught) and an orc.

Vanquished Creatures
  A sky beast (D:5)
  An ogre (D:5)
  A giant frog zombie (D:5)
  An orc wizard (D:3)
  A worker ant (D:5)
  3 adders
  An ooze (D:1)
  2 worms (D:2)
  A dart slug (D:3)
  A giant gecko (D:5)
  4 orcs (D:3)
  A giant cockroach (D:6)
  3 goblins
  7 hobgoblins
  2 jackals (D:3)
  3 kobolds
  A quokka (D:3)
  A ball python skeleton (D:5)
  7 bats
  2 giant newts
  A quokka skeleton (D:4)
  2 rats
47 creatures vanquished.

Notes
Turn   | Place    | Note
--------------------------------------------------------------
     0 | D:1      | quitegolden the Minotaur Gladiator began the quest for the Orb.
     0 | D:1      | Reached XP level 1. HP: 18/18 MP: 0/0
   125 | D:1      | Reached XP level 2. HP: 25/25 MP: 1/1
   380 | D:1      | You fall through a shaft!
   384 | D:2      | Reached skill level 4 in Polearms
   469 | D:2      | Reached XP level 3. HP: 18/30 MP: 2/2
   527 | D:2      | Found an oddly glowing altar of Pakellas.
   540 | D:2      | Found a sacrificial altar of Ru.
   542 | D:2      | Found a radiant altar of Vehumet.
   589 | D:2      | Found an opulent altar of Gozag.
   720 | D:3      | Found a deep blue altar of Sif Muna.
   777 | D:3      | Found a snail-covered altar of Cheibriados.
   854 | D:3      | Reached XP level 4. HP: 38/38 MP: 3/3
  1079 | D:4      | Found a blossoming altar of Fedhas.
  1184 | D:5      | Entered Level 5 of the Dungeon
  1190 | D:5      | Noticed an ogre
  1201 | D:5      | Killed an ogre
  1201 | D:5      | Reached skill level 5 in Polearms
  1201 | D:5      | Reached skill level 1 in Armour
  1201 | D:5      | Reached XP level 5. HP: 45/46 MP: 4/4
  1262 | D:5      | Noticed a sky beast
  1271 | D:5      | Killed a sky beast
  1271 | D:5      | Reached XP level 6. HP: 12/52 MP: 5/5
  1354 | D:6      | Noticed an orc warrior
  1359 | D:6      | HP: 1/52 [orc (3)]
  1360 | D:6      | Demolished by an orc warrior

Skill      XL: |  1  2  3  4  5 |
---------------+----------------+-----
Polearms       | 4 5 |  5.2
Fighting       | 3 |  3.9
Dodging        | 4 |  4.9
Armour         | 1 2 |  2.5
Throwing       | 3 |  3.4
Stealth        | |  0.3

Action                   |  1- 3 |  4- 6 || total
-------------------------+-------+-------++-------
Melee: Trident           |    79 |    38 ||   117
       Headbutt          |    10 |     8 ||    18
Throw: Throwing net      |    18 |     5 ||    23
 Stab: Held in net/web   |     1 |       ||     1
Armor: Leather armour    |    20 |     8 ||    28
Dodge: Dodged            |    46 |    27 ||    73
